 Dungeon Crawl Stone Soup version 0.22-a0-558-gc224181 (webtiles) character file.

253451 iamserjio the Warrior (level 19, -13/183 HPs)
             Began as an Octopode Wanderer on June 26, 2018.
             Was the Champion of Okawaru.
             Killed from afar by a Hell Sentinel (37 damage)
             ... with damnation
             ... summoned by a deep elf demonologist
             ... on level 1 of the Elven Halls.
             The game lasted 02:58:15 (45785 turns).

iamserjio the Warrior (Octopode Wanderer)          Turns: 45785, Time: 02:58:16

Health: -13/183    AC: 33    Str: 24    XL:     19   Next: 72%
Magic:  33/39      EV: 24    Int: 16    God:    Okawaru [******]
Gold:   1124       SH: 20    Dex: 14    Spells: 10/32 levels left

rFire    . . .     SeeInvis +   H - +9 demon blade (venom)
rCold    . . .     Gourm    .   v - +5 shield {reflect}
rNeg     + + .     Faith    .   I - +2 hat "Zuwner" {+Inv rN+ Str+3 Slay+3}
rPois    ∞         Spirit   .   (no amulet)
rElec    +         Reflect  +   V - +4 ring of protection
rCorr    +         Harm     .   r - ring of protection from magic
MR       +++..                  O - +2 ring of protection
Stlth    +++++++++.             P - ring of stealth
HPRegen  0.40/turn              o - ring of Qelosk {Str+4 SInv}
MPRegen  0.26/turn              F - ring of wizardry
                                n - ring of magical power
                                Q - ring of Woluq {rCorr MR+}

@: statue-form, heroism, very slow
A: almost no armour, stealthy swim, amphibious, 8 rings, constrict 8, fangs 1,
camouflage 1, agile 1
}: 2/15 runes: decaying, gossamer
a: End Transformation, Heroism, Finesse, Renounce Religion, Evoke Invisibility


You were on level 1 of the Elven Halls.
You worshipped Okawaru.
Okawaru was exalted by your worship.
You were hungry.
You were a stone statue.
You visited 8 branches of the dungeon, and saw 35 of its levels.
You also visited: Labyrinth and Ice Cave.

You collected 3370 gold pieces.
You spent 2246 gold pieces at shops.

Inventory:

Hand Weapons
 f - a +1 scimitar of flaming
 x - the +7 falchion "Xeto" {slice, +Inv rF+, unknown}
   (You found it on level 1 of the Vaults)

   It inflicts extra damage upon your enemies.
   It protects you from fire.
   It lets you turn invisible.
 D - the +7 long sword of Sossuap {freeze, Int+2, unknown}
   (You took it off a deep elf knight on level 1 of the Elven Halls)

   It has been specially enchanted to freeze those struck by it, causing extra
   injury to most foes and up to half again as much damage against particularly
   susceptible opponents.
   It can also slow down cold-blooded creatures.
   It affects your intelligence (+2).
 H - a +9 demon blade of venom (weapon)
Missiles
 G - 3 javelins of returning (quivered)
Armour
 s - the +3 hat of Pondering {ponderous, MR+ MP+10 Int+5}
   (You took it off Gastronok on level 1 of the Lair of Beasts)

   It affects your intelligence (+5).
   It affects your resistance to hostile enchantments.
   It affects your magic capacity (+10).
 t - the +1 hat "Ceuchog" {+Blink rF+, unknown}
   (Okawaru gifted it to you on level 1 of the Vaults)

   It protects you from fire.
   It lets you blink.
 v - a +5 shield of reflection (worn)
 w - a +2 hat of magic resistance
 I - the +2 hat "Zuwner" (worn) {+Inv rN+ Str+3 Slay+3}
   (Okawaru gifted it to you on level 14 of the Dungeon)

   It affects your strength (+3).
   It affects your accuracy and damage with ranged weapons and melee attacks
   (+3).
   It protects you from negative energy.
   It lets you turn invisible.
Jewellery
 n - a ring of magical power (on tentacle)
 o - the ring of Qelosk (on tentacle) {Str+4 SInv}
   (You acquired it on level 2 of the Orcish Mines)

   [ring of see invisible]

   It affects your strength (+4).
   It lets you see invisible.
 r - a ring of protection from magic (right tentacle)
 B - an uncursed ring of ice
 F - a ring of wizardry (on tentacle)
 L - an uncursed ring of fire
 O - a +2 ring of protection (on tentacle)
 P - a ring of stealth (on tentacle)
 Q - the ring of Woluq (on tentacle) {rCorr MR+}
   (You acquired it on level 4 of the Spider Nest)

   [ring of resist corrosion]

   It affects your resistance to hostile enchantments.
 V - a +4 ring of protection (left tentacle)
Wands
 i - a wand of digging (33)
 y - a wand of iceblast (3)
 C - a wand of acid (24)
 R - a wand of enslavement (13)
 W - a wand of paralysis (6)
Scrolls
 b - a scroll of identify {@r1}
 g - a scroll of enchant armour
 h - 18 scrolls of remove curse {@r2}
 q - 4 scrolls of fog
 u - a scroll of fear
 J - a scroll of holy word
 K - 2 scrolls of magic mapping
 S - 2 scrolls of amnesia
Potions
 c - 10 potions of curing {@q1}
 j - 2 potions of resistance
 k - 4 potions of might
 l - 2 potions of lignification
 m - 2 potions of mutation
 p - 6 potions of cancellation
 z - 2 potions of berserk rage
 A - 3 potions of brilliance
 E - 3 potions of magic
 T - 6 potions of ambrosia
Miscellaneous
 a - a phial of floods
 e - a phantom mirror
 Y - a fan of gales
Comestibles
 d - 39 rations


   Skills:
 * Level 16.1(21.1) Fighting
   Level 8.0(15.6) Short Blades
 + Level 11.1(17.0) Long Blades
   Level 2.0(7.0) Polearms
 + Level 13.0(18.0) Dodging
 - Level 14.0(19.0) Stealth
 * Level 12.6(17.6) Shields
 + Level 7.4 Spellcasting
 - Level 3.0 Hexes
 - Level 2.0 Necromancy
 - Level 12.0 Transmutations
 - Level 12.0 Earth Magic
 - Level 7.0 Invocations


You had 10 spell levels left.
You knew the following spells:

 Your Spells              Type           Power        Failure   Level  Hunger
a - Animate Skeleton      Necr           N/A          2%          1    None
b - Slow                  Hex            ###.....     2%          2    None
c - Confuse               Hex            ###.....     4%          3    ##.....
d - Summon Butterflies    Summ           #.......     4%          1    None
e - Beastly Appendage     Tmut           #####.       1%          1    None
f - Leda's Liquefaction   Hex/Erth       ####......   2%          4    ####...
g - Statue Form           Tmut/Erth      #####....    5%          6    #######
h - Sticks to Snakes      Tmut           #####...     1%          2    None
i - Passwall              Tmut/Erth      #####...     1%          2    None

Your spell library contained the following spells:

 Spells                   Type           Power        Failure   Level  Hunger
 Cause Fear               Hex            ###.......   14%         4    ####...
 Magic Dart               Conj           #...         4%          1    None
 Fireball                 Conj/Fire      #.........   75%         5    #####..
 Apportation              Tloc           #.....       4%          1    None
 Conjure Flame            Conj/Fire      #.......     14%         3    ##.....
 Bolt of Magma            Conj/Fire/Erth ###.......   26%         5    #####..
 Invisibility             Hex            ###.....     88%         6    #######
 Throw Flame              Conj/Fire      #.....       8%          2    None
 Mephitic Cloud           Conj/Pois/Air  #.......     14%         3    ##.....
 Venom Bolt               Conj/Pois      #.........   75%         5    #####..
 Olgreb's Toxic Radiance  Pois           #.......     41%         4    ####...
 Summon Small Mammal      Summ           #...         4%          1    None
 Iskenderun's Mystic Bla  Conj           #.......     41%         4    ####...
 Sticky Flame             Conj/Fire      #.......     41%         4    ####...
 Summon Ice Beast         Ice/Summ       #.......     41%         4    ####...
 Sting                    Conj/Pois      #...         4%          1    None
 Sublimation of Blood     Necr           ##........   3%          2    None
 Tukima's Dance           Hex            ###.....     4%          3    ##.....
 Iron Shot                Conj/Erth      ####......   50%         6    #######
 Spider Form              Tmut/Pois      ####......   1%          3    ##.....
 Blade Hands              Tmut           #####.....   1%          5    #####..
 Ice Form                 Ice/Tmut       ####....     4%          4    ####...
 Dragon Form              Tmut           #####.....   28%         7    #######
 Deflect Missiles         Chrm/Air       #.........   99%         6    #######
 Confusing Touch          Hex            ###...       1%          1    None
 Flame Tongue             Conj/Fire      #....        4%          1    None
 Ignite Poison            Fire/Tmut/Pois ###.....     2%          3    ##.....
 Call Canine Familiar     Summ           #.......     14%         3    ##.....
 Metabolic Englaciation   Hex/Ice        ##........   54%         5    #####..
 Silence                  Hex/Air        ##........   54%         5    #####..
 Shatter                  Erth           #####.....   100%        9    #######
 Corona                   Hex            ###....      1%          1    None
 Alistair's Intoxication  Tmut/Pois      ####....     12%         5    #####..
 Sandblast                Erth           #####.       1%          1    None
 Portal Projectile        Hex/Tloc       ##....       8%          3    ##.....
 Petrify                  Tmut/Erth      #####...     1%          4    ####...
 Orb of Destruction       Conj           #.........   100%        7    #######
 Summon Hydra             Summ           #.........   100%        7    #######
 Inner Flame              Hex/Fire       ##......     8%          3    ##.....
 Iskenderun's Battlesphe  Conj/Chrm      #.......     75%         5    #####..
 Fulminant Prism          Conj/Hex       ##........   26%         4    ####...
 Dazzling Spray           Conj/Hex       ##....       8%          3    ##.....
 Force Lance              Conj/Tloc      #.......     41%         4    ####...
 Searing Ray              Conj           #.....       8%          2    None
 Discord                  Hex            ###.......   100%        8    #######
 Spellforged Servitor     Conj/Summ      #.........   100%        7    #######
 Summon Mana Viper        Hex/Summ       ##......     54%         5    #####..
 Hydra Form               Tmut           #####.....   5%          6    #######
 Irradiate                Conj/Tmut      ####......   12%         5    #####..
 Gell's Gravitas          Tloc           #.........   14%         3    ##.....
 Yara's Violent Unravell  Hex/Tmut       ####......   6%          5    #####..
 Lesser Beckoning         Tloc           #.........   14%         3    ##.....
 Poisonous Vapours        Pois/Air       #.....       8%          2    None


Dungeon Overview and Level Annotations

Branches:
Dungeon (15/15)            Temple (1/1) D:6            Lair (6/6) D:8
  Swamp (4/4) Lair:4       Spider (4/4) Lair:2        Slime (0/5) Lair:5
    Orc (2/2) D:11            Elf (1/3) Orc:2        Vaults (2/5) D:14
 Depths (0/5) D:15
  Crypt: Vaults:2-3

Altars:
Ashenzari
Cheibriados
Dithmenos
Elyvilon
Fedhas
Gozag
Hepliaklqana
Kikubaaqudgha
Makhleb
Nemelex Xobeh
Okawaru
Qazlal
Ru
Sif Muna
Trog
Uskayaw
Vehumet
Wu Jian
Xom
Yredelemnul
Zin
The Shining One
Beogh
Jiyva

Shops:
D:10 =   D:11 [((:*%   Orc:1 [   Orc:2 }[%?

Portals:
Pandemonium: Orc:2

Annotations:
D:10 1 runed door


Innate Abilities, Weirdness & Mutations

You cannot wear most types of armour.
You are very stealthy in the water. (Stealth+)
You are amphibious.
You can wear up to eight rings at the same time.
You can use your tentacles to constrict eight enemies at once.
Your skin changes colour to match your surroundings (Stealth+).
((Your rubbery body absorbs attacks. (AC +1, EV +1)))
You have very sharp teeth.
You are agile. (Dex +2)


Message History

The Hell Sentinel completely misses you.
You hear a shout!
You revert to your normal fleshy form.
Found a dagger.
Casting: Statue Form (slightly dangerous; 5% risk of failure)
Confirm with . or Enter, or press ? or * to list all spells.
You turn into a living statue of rough stone.
You are feeling hungry.
The deep elf archer shoots an arrow.
The arrow misses you. The Hell Sentinel misses you.
The Hell Sentinel hits you but does no damage.
As you read the scroll of fog, it crumbles to dust.
The scroll dissolves into smoke.
The lorocyproca disappears in a puff of smoke!
The Hell Sentinel barely misses you. You block the Hell Sentinel's attack.
The deep elf archer casts a spell at you.
You resist with almost no effort. The Hell Sentinel gestures at you.
The sphere of damnation explodes!
The damnation engulfs you!
You die...

#....# #.(.###.. #.
#....###.### ### #.
##(...#..# # ##'#
#....(..## #
##...##.##.(..##
##.....'##....).##
#.......##....#[.# #
....)§§§§....###(###
# #8§....# #)))# ..
#§1§.### ###).#..#
.....'.#e## #...#
......'.#..### ....#
#..#..#.#.§..# ....
.....'e#.§§§## ....
.(e...'.##§.§.#...
...
#..#..####3§§§....
##.
......'.#§########


You could see a Hell Sentinel, a deep elf demonologist, a deep elf archer and a
deep elf high priest.

Vanquished Creatures
  Nikola (Spider:3)
  A tentacled monstrosity (Swamp:4)
  Kirke (Spider:3)
  4 thorn hunters
  Roxanne (D:15)
  5 vault wardens (Vaults:1)
  A deep elf sorcerer (Elf:1)
  5 emperor scorpions (Spider:4)
  6 ghost moths
  3 ironheart preservers (Vaults:1)
  An entropy weaver (Vaults:1)
  A deep elf annihilator (Vaults:1)
  Azrael (D:12)
  The ghost of hyperX the Victor of a Thousand Battles, a journeyman FeWn of Okawaru (Vaults:1)
  A minotaur (Lab)
  2 deep elf death magi (Vaults:1)
  3 fire dragons
  4 ogre magi (Vaults:1)
  19 hydras
  2 yaktaur captains (Vaults:1)
  2 rakshasas
  Fannar (Lair:1)
  11 vault guards
  2 ice dragons (Vaults:1)
  4 ghost crabs (Swamp:1)
  4 centaur warriors
  A death knight (D:15)
  3 dancing weapons (Elf:1)
  12 two-headed ogres
  A queen ant (Lair:3)
  A tengu warrior (D:15)
  The ghost of George the Carver, a novice DsGl of Makhleb (D:8)
  5 alligators
  7 orc high priests
  Urug (Lair:3)
  Nergalle (Lair:2)
  Sonja (Lair:1)
  9 deep elf knights
  A soul eater (Orc:2)
  A sun demon (Orc:2)
  2 unseen horrors
  4 spriggan druids
  A shambling mangrove (Swamp:4)
  A glowing orange brain (D:15)
  8 swamp dragons
  A gelid demonspawn (Orc:2)
  8 ironbrand convokers (Vaults:1)
  2 infernal demonspawn (Orc:2)
  4 deep elf archers
  7 orc knights
  18 orb spiders
  A lindwurm (Swamp:4)
  10 ugly things
  Pikel (D:6)
  28 deep elf magi
  24 wolf spiders
  9 orc sorcerers
  A moth of wrath (Spider:3)
  A cyclops (D:14)
  7 elephants
  A rust devil (Orc:2)
  3 black mambas (Lair:6)
  A water nymph (shapeshifter) (D:15)
  3 apocalypse crabs (Swamp:1)
  Maurice (D:10)
  A vault sentinel (Vaults:1)
  2 torpor snails
  2 gargoyles
  Psyche (D:10)
  A molten gargoyle (Lair:6)
  17 spiny frogs
  An orange demon (Orc:2)
  A freezing wraith (D:15)
  2 kobold demonologists
  A komodo dragon (shapeshifter) (Vaults:1)
  An efreet (D:14)
  10 demonic crawlers
  14 komodo dragons
  6 yaktaurs (Vaults:1)
  2 rime drakes
  A yaktaur (shapeshifter) (D:15)
  2 tengu conjurers
  A hellwing (Orc:2)
  7 trolls
  A meliai (shapeshifter) (Vaults:1)
  A red devil (Orc:2)
  6 meliai
  6 tyrant leeches
  2 polar bears
  30 jumping spiders
  A wind drake (shapeshifter) (D:15)
  13 hornets
  8 bog bodies
  26 slime creatures
  2 hippogriffs
  An air elemental (Elf:1)
  96 redbacks
  5 spriggans (Swamp:4)
  2 water elementals (Elf:1)
  30 yaks
  14 tarantellas
  7 wyverns
  4 shadows
  5 fire elementals
  A ynoxinul (Orc:2)
  6 wraiths
  A basilisk (shapeshifter) (D:15)
  A golden eye (shapeshifter) (D:15)
  2 basilisks
  2 hogs (Spider:3)
  2 steam dragons (Lair:6)
  A hungry ghost (D:10)
  20 vampire mosquitoes
  6 wargs
  4 insubstantial wisps (Swamp:4)
  10 swamp worms
  6 soldier ants
  3 hell hounds
  An acid dragon (Vaults:1)
  6 water moccasins
  Duvessa (D:6)
  5 porcupines
  17 ice beasts
  43 orc warriors
  6 swamp drakes
  3 sky beasts
  5 black bears
  A slave (D:6)
  A meliai simulacrum (D:15)
  3 phantoms
  A hornet zombie (D:9)
  15 ogres
  An eye of draining (D:15)
  7 wolves
  11 centaurs
  9 crocodiles
  3 big kobolds
  22 bullfrogs
  Dowan (D:6)
  A water moccasin zombie (D:9)
  7 scorpions
  A swamp dragon simulacrum (IceCv)
  10 wights
  An elephant simulacrum (IceCv)
  17 killer bees
  4 howler monkeys
  5 electric eels
  5 crimson imps
  3 quasits
  4 lava snakes (Lair:6)
  2 centaur zombies
  4 jellies
  29 orc priests
  4 centaur skeletons
  2 bullfrog skeletons
  3 hounds
  23 orc wizards
  Crazy Yiuf (D:6)
  Natasha (thrice) (D:3)
  2 iguanas
  19 worker ants
  2 wolf simulacra (IceCv)
  2 hound skeletons
  A worker ant zombie (D:8)
  A howler monkey zombie (D:6)
  Robin (D:2)
  4 gnolls
  15 adders
  5 shadow imps
  5 white imps (IceCv)
  3 oozes
  An adder zombie (D:9)
  2 adder skeletons
  2 worms
  4 dart slugs
  6 leopard geckos
  112 orcs
  6 ball pythons
  10 giant cockroaches
  13 goblins
  11 hobgoblins
  9 jackals
  2 quokkas
  7 bats
  8 frilled lizards
  14 kobolds
  A quokka skeleton (D:4)
  6 rats
  A butterfly (D:10)
  A plant (Swamp:2)
1244 creatures vanquished.

Vanquished Creatures (collateral kills)
  Gastronok (Lair:1)
  3 hydras (Swamp:4)
  2 alligators
  An orc high priest (Orc:2)
  A deep elf archer (Vaults:1)
  3 lindwurms
  An ironbrand convoker (Vaults:1)
  An orc knight (Orc:2)
  3 ugly things (Swamp:4)
  A deep elf mage (D:14)
  2 black mambas (Lair:6)
  A vault sentinel (Vaults:1)
  2 elephants (Lair:6)
  2 molten gargoyles (Lair:6)
  A spiny frog (Swamp:1)
  A rime drake (Lair:6)
  4 komodo dragons (Lair:6)
  An ice devil (Orc:2)
  A tyrant leech (Swamp:2)
  A bog body (Swamp:2)
  2 hippogriffs
  A wyvern (Lair:2)
  A yak (Lair:2)
  A fire elemental (D:12)
  A vampire mosquito (Swamp:2)
  2 hell hounds (Lair:6)
  2 water moccasins
  2 porcupines
  A swamp drake (Swamp:4)
  A wolf (Lair:2)
  A bullfrog (Lair:2)
  A wyvern skeleton (D:11)
  2 killer bees (D:9)
  A lava snake (Lair:6)
  An orc wizard (Orc:2)
  4 orcs
  2 fungi (Lair:5)
59 creatures vanquished.

Vanquished Creatures (others)
  A yaktaur captain (Vaults:1)
  A vault guard (Vaults:1)
  A cyclops (Vaults:1)
  A human (Spider:3)
  An ogre (Vaults:1)
  A bush (Lair:6)
  A crawling corpse (Elf:1)
  2 fungi
  5 plants
14 creatures vanquished.

Grand Total: 1317 creatures vanquished

Notes
Turn   | Place    | Note
-------+----------+-------------------------------------------
     0 | D:1      | iamserjio the Octopode Wanderer began the quest for the Orb.
     0 | D:1      | iamserjio set off with: a +2 dagger, a potion of heal wounds, a potion of lignification, a ration
     0 | D:1      | Reached XP level 1. HP: 11/11 MP: 1/1
    25 | D:1      | Reached XP level 2. HP: 16/18 MP: 2/2
    66 | D:1      | Reached skill level 1 in Fighting
   221 | D:1      | Reached XP level 3. HP: 11/23 MP: 3/3
  1000 | D:2      | Reached XP level 4. HP: 27/29 MP: 4/4
  1019 | D:2      | Reached skill level 1 in Short Blades
  1026 | D:2      | Reached skill level 5 in Stealth
  1042 | D:2      | Noticed Robin
  1232 | D:2      | Reached skill level 2 in Fighting
  1267 | D:2      | Killed Robin
  1292 | D:2      | Reached XP level 5. HP: 11/34 MP: 5/5
  2062 | D:3      | Found a deep blue altar of Sif Muna.
  2240 | D:3      | Noticed Natasha
  2248 | D:3      | Killed Natasha
  2263 | D:3      | Learned a level 1 spell: Animate Skeleton
  2268 | D:3      | Noticed Natasha
  2273 | D:3      | Killed Natasha
  2273 | D:3      | Reached XP level 6. HP: 41/41 MP: 6/6
  2917 | D:3      | Noticed Natasha
  2927 | D:3      | Killed Natasha
  2927 | D:3      | Reached skill level 3 in Fighting
  3000 | D:4      | Reached XP level 7. HP: 46/46 MP: 7/7
  3528 | D:5      | Entered Level 5 of the Dungeon
  3910 | D:5      | Reached XP level 8. HP: 50/54 MP: 8/8
  4014 | D:5      | Reached skill level 5 in Short Blades
  4127 | D:5      | Reached skill level 4 in Fighting
  4631 | D:6      | Reached skill level 5 in Dodging
  5114 | D:6      | Noticed Duvessa
  5115 | D:6      | Noticed Dowan
  5126 | D:6      | Killed Duvessa
  5143 | D:6      | Killed Dowan
  5464 | D:6      | Reached XP level 9. HP: 53/60 MP: 9/9
  5508 | D:6      | Noticed Pikel
  5687 | D:6      | Reached skill level 5 in Fighting
  5742 | D:6      | Found a staircase to the Ecumenical Temple.
  5748 | Temple   | Entered the Ecumenical Temple
  5877 | Temple   | Became a worshipper of Warmaster Okawaru
  6083 | D:6      | Reached skill level 1 in Necromancy
  6083 | D:6      | Reached skill level 1 in Invocations
  6151 | D:6      | Found a runed door.
  6306 | D:6      | Reached skill level 1 in Spellcasting
  6416 | D:6      | Killed Pikel
  6416 | D:6      | Reached * piety under Okawaru
  6574 | D:6      | Noticed Crazy Yiuf
  6579 | D:6      | Killed Crazy Yiuf
  6804 | D:7      | Learned a level 2 spell: Slow
  6848 | D:7      | Learned a level 3 spell: Confuse
  7138 | D:7      | Reached skill level 6 in Fighting
  7331 | D:7      | Reached XP level 10. HP: 49/68 MP: 13/13
  8081 | D:8      | Found a staircase to the Lair.
  8111 | D:8      | Reached ** piety under Okawaru
  8779 | D:8      | Reached *** piety under Okawaru
  9089 | D:8      | Found a runed gate.
  9090 | D:8      | Found a runed gate.
  9091 | D:8      | Found a runed gate.
  9092 | D:8      | Found a roughly hewn altar of Beogh.
  9093 | D:8      | Noticed George's ghost (novice DsGl)
  9356 | D:9      | Noticed a two-headed ogre
  9358 | D:9      | Killed a two-headed ogre
  9358 | D:9      | Reached skill level 7 in Fighting
  9531 | D:9      | Reached XP level 11. HP: 21/75 MP: 17/17
  9797 | D:9      | Learned a level 1 spell: Summon Butterflies
 10310 | D:10     | Entered Level 10 of the Dungeon
 10313 | D:10     | Noticed Maurice
 10328 | D:10     | Killed Maurice
 10328 | D:10     | Reached **** piety under Okawaru
 10341 | D:10     | Found Oceruibue's Jewellery Shoppe.
 10347 | D:10     | Bought a +2 ring of protection for 110 gold pieces
 10347 | D:10     | Bought an uncursed ring of stealth for 192 gold pieces
 10379 | D:10     | Paralysed by a hornet for 1 turns
 10993 | D:10     | Reached skill level 10 in Dodging
 11281 | D:10     | Found a runed door.
 11294 | D:10     | Found a runed door.
 11328 | D:10     | Noticed Psyche
 11336 | D:10     | Killed Psyche
 11754 | D:11     | Found Obajuhaf's Weapon Shoppe.
 11793 | D:11     | Found Uqiwka's Armour Emporium.
 11795 | D:11     | Found a staircase to the Orcish Mines.
 11797 | D:11     | Found Ifijiulu's Weapon Emporium.
 11867 | D:11     | Reached ***** piety under Okawaru
 11931 | D:11     | Found Kiecopn's Book Shop.
 12067 | D:11     | Found Xaxiod's Food Shop.
 12150 | D:11     | Reached skill level 8 in Fighting
 12346 | D:11     | Found Liech's Assorted Antiques.
 12349 | D:11     | Bought a scroll labeled QIMYDAGEPLA for 35 gold pieces
 12349 | D:11     | Bought a fuming blue potion for 31 gold pieces
 12349 | D:11     | Bought a scroll labeled IWOMPA WABIL for 35 gold pieces
 12349 | D:11     | Bought a scroll labeled IWOMPA WABIL for 35 gold pieces
 12651 | D:11     | Learned a level 1 spell: Beastly Appendage
 12656 | D:11     | Learned a level 4 spell: Leda's Liquefaction
 12789 | Orc:1    | Entered Level 1 of the Orcish Mines
 12919 | D:11     | Reached skill level 1 in Transmutations
 12919 | D:11     | Reached skill level 1 in Earth Magic
 12957 | Orc:1    | Noticed an orc sorcerer
 12969 | Orc:1    | Found Holl's Armour Boutique.
 12980 | Orc:1    | Killed an orc sorcerer
 12980 | Orc:1    | Received a gift from Okawaru
 13143 | Orc:1    | Noticed an orc high priest
 13166 | Orc:1    | Killed an orc high priest
 13506 | Orc:2    | Entered Level 2 of the Orcish Mines
 13513 | Orc:2    | Noticed an orc sorcerer
 13613 | Orc:2    | Killed an orc sorcerer
 13613 | Orc:2    | Reached skill level 10 in Stealth
 13613 | Orc:2    | Reached XP level 12. HP: 47/84 MP: 15/18
 14062 | Orc:2    | Found a staircase to the Elven Halls.
 14063 | Orc:2    | Noticed an orc high priest
 14075 | Orc:2    | Noticed a soul eater
 14075 | Orc:2    | Noticed a sun demon
 14274 | Orc:2    | Killed an orc high priest
 14458 | Orc:2    | Found Xexoum's Magic Scroll Shop.
 14501 | Orc:2    | Found Reuq's Food Boutique.
 15069 | Orc:2    | Received a gift from Okawaru
 15232 | Orc:2    | Noticed a soul eater
 15983 | Orc:2    | Killed a soul eater
 16331 | Orc:2    | Noticed an orc high priest
 16336 | Orc:2    | Noticed a sun demon
 16361 | Orc:2    | Killed an orc high priest
 16361 | Orc:2    | Reached skill level 5 in Transmutations
 16361 | Orc:2    | Reached skill level 5 in Earth Magic
 16631 | Orc:2    | Noticed an orc high priest
 16644 | Orc:2    | Killed an orc high priest
 16644 | Orc:2    | Reached skill level 9 in Fighting
 16653 | Orc:2    | Noticed an orc high priest
 16982 | D:11     | Bought a book of Transfigurations for 880 gold pieces
 17061 | Lair:1   | Entered Level 1 of the Lair of Beasts
 17294 | Lair:1   | Noticed Fannar
 17319 | Lair:1   | Killed Fannar
 17844 | Lair:1   | Reached XP level 13. HP: 90/90 MP: 19/19
 17847 | Lair:1   | Noticed Sonja
 17854 | Lair:1   | Killed Sonja
 17883 | Lair:1   | Learned a level 6 spell: Statue Form
 17886 | Lair:1   | Learned a level 2 spell: Sticks to Snakes
 18163 | Lair:1   | Noticed Gastronok
 18173 | Lair:1   | Killed Gastronok
 18681 | Lair:2   | Found a hole to the Spider Nest.
 18955 | Lair:2   | Noticed Nergalle
 18980 | Lair:2   | Received a gift from Okawaru
 19023 | Lair:2   | Killed Nergalle
 19482 | Lair:3   | Found a frozen archway.
 19598 | IceCv    | Entered an ice cave
 20868 | Lair:3   | Noticed Urug
 20891 | Lair:3   | Killed Urug
 21477 | Lair:4   | Reached skill level 1 in Long Blades
 22005 | Lair:4   | Found a staircase to the Swamp.
 22578 | Lair:5   | Reached skill level 10 in Fighting
 22748 | Lair:5   | Found a viscous altar of Jiyva.
 22750 | Lair:5   | Found a staircase to the Slime Pits.
 22779 | Lair:5   | Reached XP level 14. HP: 99/99 MP: 20/20
 23286 | Lair:6   | Entered Level 6 of the Lair of Beasts
 24314 | Lair:6   | Reached ****** piety under Okawaru
 24550 | Lair:6   | Found a large runed door.
 24557 | Lair:6   | Found a large runed door.
 24683 | Lair:6   | Received a gift from Okawaru
 24688 | Lair:6   | Got a crystal rapier {god gift}
 24702 | Lair:6   | Identified the +1 rapier of Change {vamp, Dex+2} (Okawaru gifted it to you on level 6 of the Lair of Beasts)
 25975 | D:11     | Bought a scroll of blinking for 262 gold pieces
 25975 | D:11     | Bought a potion of mutation for 280 gold pieces
 26023 | D:12     | Found a labyrinth entrance.
 26054 | Lab      | Entered a labyrinth
 26834 | D:12     | Noticed Azrael
 27091 | D:12     | Killed Azrael
 27137 | D:12     | Reached skill level 10 in Transmutations
 27375 | D:12     | Reached skill level 10 in Earth Magic
 28052 | D:13     | Received a gift from Okawaru
 29301 | D:14     | Reached XP level 15. HP: 93/105 MP: 18/21
 29775 | D:14     | Reached skill level 5 in Long Blades
 29806 | D:14     | Found a gate to the Vaults.
 30304 | Orc:2    | Reached skill level 11 in Fighting
 30304 | Orc:2    | Reached skill level 5 in Invocations
 30876 | Orc:2    | Found Teusae's Antique Armour Emporium.
 30876 | Orc:2    | Found a one-way gate leading to the halls of Pandemonium.
 30876 | Orc:2    | Found Vanipe's Gadget Shoppe.
 30917 | Orc:2    | Identified a scroll of acquirement
 30918 | Orc:2    | Got a fine brass ring
 30919 | Orc:2    | Identified the ring of Qelosk {Str+4 SInv} (You acquired it on level 2 of the Orcish Mines)
 30920 | Orc:2    | Bought a scroll of magic mapping for 56 gold pieces
 31024 | D:10     | Bought an uncursed ring of wizardry for 330 gold pieces
 31113 | D:8      | Killed George's ghost
 31353 | D:14     | Received a gift from Okawaru
 31357 | D:14     | Got a smoking hat {god gift}
 31740 | D:14     | Found a shattered altar of Ashenzari.
 31808 | D:15     | Entered Level 15 of the Dungeon
 31815 | D:15     | Identified the Guide on the Cankerous Mountains
 32227 | D:15     | Identified the +2 hat "Zuwner" {+Inv rN+ Str+3 Slay+3} (Okawaru gifted it to you on level 14 of the Dungeon)
 32365 | D:15     | Noticed Roxanne
 32394 | D:15     | Killed Roxanne
 32639 | D:15     | Found a staircase to the Depths.
 33158 | Swamp:1  | Entered Level 1 of the Swamp
 33312 | Swamp:1  | Reached XP level 16. HP: 114/114 MP: 14/22
 33326 | Swamp:1  | Found a runed door.
 33422 | Swamp:1  | Received a gift from Okawaru
 33576 | Swamp:1  | Reached skill level 12 in Fighting
 33890 | Swamp:1  | Reached skill level 5 in Shields
 34106 | Swamp:1  | Noticed a thorn hunter
 34109 | Swamp:1  | Gained mutation: You are clumsy. (Dex -2) [mutagenic glow]
 34123 | Swamp:1  | Killed a thorn hunter
 34157 | Swamp:1  | Gained mutation: Potions are less effective at restoring your health. [mutagenic glow]
 34188 | Swamp:1  | Gained mutation: You are frail. (-10% HP) [mutagenic glow]
 34189 | Swamp:1  | Lost mutation: You are frail. (-10% HP) [potion of mutation]
 34189 | Swamp:1  | Lost mutation: You are clumsy. (Dex -2) [potion of mutation]
 34189 | Swamp:1  | Lost mutation: Potions are less effective at restoring your health. [potion of mutation]
 34189 | Swamp:1  | Gained mutation: You are weak. (Str -2) [potion of mutation]
 34189 | Swamp:1  | Gained mutation: You are surrounded by a mild repulsion field. (EV +2) [potion of mutation]
 34189 | Swamp:1  | Gained mutation: You are frail. (-10% HP) [potion of mutation]
 34189 | Swamp:1  | Gained mutation: You are agile. (Dex +2) [potion of mutation]
 34190 | Swamp:1  | Lost mutation: You are frail. (-10% HP) [potion of mutation]
 34190 | Swamp:1  | Lost mutation: You are agile. (Dex +2) [potion of mutation]
 34190 | Swamp:1  | Gained mutation: You are occasionally teleported next to monsters. [potion of mutation]
 34190 | Swamp:1  | Gained mutation: Your body sometimes deteriorates upon taking damage. [potion of mutation]
 34190 | Swamp:1  | Gained mutation: You have very sharp teeth. [potion of mutation]
 34191 | Swamp:1  | Lost mutation: Your body sometimes deteriorates upon taking damage. [potion of mutation]
 34191 | Swamp:1  | Lost mutation: You are surrounded by a mild repulsion field. (EV +2) [potion of mutation]
 34191 | Swamp:1  | Lost mutation: You are weak. (Str -2) [potion of mutation]
 34191 | Swamp:1  | Gained mutation: You are resistant to hostile enchantments. (MR+) [potion of mutation]
 34192 | Swamp:1  | Lost mutation: You are occasionally teleported next to monsters. [potion of mutation]
 34192 | Swamp:1  | Lost mutation: You are resistant to hostile enchantments. (MR+) [potion of mutation]
 34192 | Swamp:1  | Gained mutation: You are clumsy. (Dex -2) [potion of mutation]
 34192 | Swamp:1  | Lost mutation: You are clumsy. (Dex -2) [potion of mutation]
 34192 | Swamp:1  | Gained mutation: You are agile. (Dex +2) [potion of mutation]
 36161 | Swamp:4  | Entered Level 4 of the Swamp
 36161 | Swamp:4  | Noticed a thorn hunter
 36167 | Swamp:4  | Killed a thorn hunter
 36426 | Swamp:3  | Received a gift from Okawaru
 36888 | Swamp:4  | Noticed a thorn hunter
 36902 | Swamp:4  | Killed a thorn hunter
 36978 | Swamp:4  | Noticed a thorn hunter
 36993 | Swamp:4  | Killed a thorn hunter
 36993 | Swamp:4  | Reached skill level 13 in Fighting
 37562 | Swamp:4  | Received a gift from Okawaru
 37764 | Swamp:4  | Noticed a tentacled monstrosity
 37819 | Swamp:4  | Reached XP level 17. HP: 67/123 MP: 23/23
 37846 | Swamp:4  | Learned a level 2 spell: Passwall
 38092 | Swamp:4  | Killed a tentacled monstrosity
 38135 | Swamp:4  | Received a gift from Okawaru
 38530 | Swamp:4  | Got a decaying rune of Zot
 38960 | Spider:1 | Entered Level 1 of the Spider Nest
 39376 | Spider:1 | Reached skill level 14 in Fighting
 40166 | Spider:3 | Noticed Kirke
 40173 | Spider:3 | Killed Kirke
 40346 | Spider:3 | Noticed Nikola
 40359 | Spider:3 | Killed Nikola
 40359 | Spider:3 | Reached skill level 5 in Spellcasting
 40772 | Spider:4 | Entered Level 4 of the Spider Nest
 40777 | Spider:4 | Reached skill level 10 in Shields
 40869 | Spider:4 | Received a gift from Okawaru
 40891 | Spider:4 | Identified the ring of Woluq {rCorr MR+} (You acquired it on level 4 of the Spider Nest)
 40897 | Spider:4 | Identified the +0 short sword of an ice cave {vamp, Fragile rElec Str+6} (Okawaru gifted it to you on level 4 of the Spider Nest)
 41064 | Spider:4 | Reached XP level 18. HP: 132/132 MP: 25/25
 41538 | Spider:4 | Received a gift from Okawaru
 41846 | Spider:4 | Reached skill level 10 in Long Blades
 42012 | Spider:4 | Received a gift from Okawaru
 42156 | Spider:4 | Got a gossamer rune of Zot
 42541 | Vaults:1 | Entered Level 1 of the Vaults
 42579 | Vaults:1 | Reached skill level 15 in Fighting
 43798 | Vaults:1 | Reached XP level 19. HP: 139/139 MP: 28/28
 43972 | Vaults:1 | Received a gift from Okawaru
 43975 | Vaults:1 | Got a brightly glowing hat {god gift}
 44562 | Vaults:1 | Found a runed door.
 44562 | Vaults:1 | Noticed hyperX's ghost (journeyman FeWn)
 44714 | Vaults:1 | Killed hyperX's ghost
 44716 | Vaults:1 | Got a bloodstained falchion
 44932 | Elf:1    | Entered Level 1 of the Elven Halls
 45335 | Elf:1    | Got an iridescent long sword {freeze}
 45391 | Elf:1    | Reached skill level 16 in Fighting
 45773 | Elf:1    | Noticed a Hell Sentinel
 45785 | Elf:1    | Killed from afar by a Hell Sentinel

Vault maps used:
D:1:      lightli_arrival_flooded_house
D:2:      item_on_display_a, uniq_robin
D:3:      old_standard_altar, uniq_natasha
D:4:      first_ration
D:6:      minmay_temple_entry_grid, uniq_duvessa, uniq_crazy_yiuf_cottage,
          uniq_pikel
D:7:      grunt_ogre_cave
D:8:      erik_lair_orcish_takeover, biasface_ghost_orc_armoury
D:9:      hangedman_abyss_or_decor_stabs
D:10:     lemuel_insect_pit, serial_shops, kennysheep_mini, uniq_maurice,
          uniq_psyche
D:11:     orc_david_3, serial_shops, shop, shop, shop, nicolae_shop_behind_doors
D:12:     lab_entry_generic, uniq_azrael
D:14:     lightli_vaults_fourway_checkpoint, lemuel_statue_altar,
          serial_bayou_ford_a
D:15:     gammafunk_enter_depths_forms, minivault_27, uniq_roxanne
Temple:   kilobyte_greek_temple
Lair:1:   uniq_sonja, uniq_fannar, uniq_gastronok
Lair:2:   spider_nest_entry_webs, serial_bayou_shore_b, grunt_megastairs_2,
          infiniplex_staircase_pool, uniq_nergalle
Lair:3:   portal_ice_cave_entry_ice_beasts, wad_woods_antlair, uniq_urug
Lair:4:   swamp_mist_pool, beast_lair_carwin_4, grunt_megastairs_4,
          lemuel_fruit_fields
Lair:5:   slime_altar_1, gammafunk_lair_bear_cave, grunt_megastairs_1
Lair:6:   cheibrodos_lair_end_hotspot
Swamp:1:  gammafunk_mikee_crab_dinner, evilmike_swamp_ruin_rubble_2
Swamp:2:  hangedman_swamp_pad
Swamp:3:  hangedman_swamp_cone
Swamp:4:  swamp_alternative
Spider:3: spider_trap, uniq_kirke, uniq_nikola
Spider:4: grunt_spider_rune_parallel, spider_trap
Orc:1:    serial_shops, shop_fountains
Orc:2:    pf_orc_diabolical
Elf:1:    eino_elf_arrival_customs, orc_legates, roderic_lattice_octagonal_star
Vaults:1: gammafunk_vaults_ghost_grave, nicolae_vaults_network_star,
          v_alt_pattern_2, v_misc_26, hangedman_vaults_slice,
          vaults_room_ringed_pool, nicolae_vaults_holding_cells,
          ontoclasm_vaults_claustrophobia, v_misc_18
Vaults:2: gammafunk_vaults_ghost_grave, vaults_room_grunt_arrival_checkpoint,
          vaults_room_fancy_cross, grunt_vaults_funneled_arena, v_misc_1,
          hangedman_vaults_pinch, v_misc_4, v_pattern_2,
          nicolae_vaults_ninety_degrees, nicolae_vaults_little_ls,
          nicolae_vaults_back_hallway, ontoclasm_vaults_ring_small,
          ontoclasm_vaults_shuriken, uniq_asterion
Lab:      nicolae_lab_checkerboard
IceCv:    ice_cave_small_necro

Skill      XL: |  1  2  3  4  5  6  7  8  9 10 11 12 13 14 15 16 17 18 19 |
---------------+----------------------------------------------------------+-----
Fighting       | 1 2 3 4 6 7 8 9 10 11 13 14 15 16 | 16.1
Dodging        | 2 3 4 5 8 9 10 11 12 13 | 13.0
Short Blades   | 1 2 3 4 5 6 7 8 |  8.0
Stealth        | 5 6 7 8 10 11 12 13 14 | 14.0
Necromancy     | 2 |  2.0
Invocations    | 3 4 5 6 7 |  7.0
Spellcasting   | 2 4 5 6 7 |  7.4
Shields        | 4 7 10 11 12 | 12.6
Transmutations | 2 6 8 10 11 12 | 12.0
Earth Magic    | 2 6 8 10 12 | 12.0
Long Blades    | 2 4 7 8 9 10 11 | 11.1
Polearms       | |  2.0
Hexes          | |  3.0

Action                   |  1- 3 |  4- 6 |  7- 9 | 10-12 | 13-15 | 16-18 | 19-21 || total
-------------------------+-------+-------+-------+-------+-------+-------+-------++-------
Melee: Dagger            |    66 |   119 |   313 |   887 |  1079 |       |       ||  2464
       Tentacles         |     4 |    11 |    59 |   220 |   388 |   267 |    59 ||  1008
       Constrict         |     7 |    28 |    38 |   134 |   143 |   181 |    50 ||   581
       Unarmed           |     4 |       |       |       |       |       |       ||     4
       Punch             |       |       |       |    22 |    42 |    12 |     1 ||    77
       Long sword        |       |       |       |    50 |    45 |       |       ||    95
       Scimitar          |       |       |       |       |   141 |   115 |       ||   256
       Rapier            |       |       |       |       |     6 |       |       ||     6
       Demon blade       |       |       |       |       |   248 |   767 |   207 ||  1222
       Bite              |       |       |       |       |       |   178 |    35 ||   213
Throw: Stone             |       |     7 |     7 |    10 |     3 |       |       ||    27
       Javelin           |       |       |       |       |    19 |    11 |     1 ||    31
       Tomahawk          |       |       |       |       |     2 |       |       ||     2
 Cast: Animate Skeleton  |       |       |       |    35 |    60 |    18 |       ||   113
       Confuse           |       |       |       |     1 |     4 |    21 |       ||    26
       Statue Form       |       |       |       |       |    19 |    63 |    18 ||   100
Invok: Heroism           |       |       |       |    34 |    47 |    19 |     4 ||   104
       Finesse           |       |       |       |       |     2 |     2 |       ||     4
Evoke: Wand              |       |       |     3 |     7 |    46 |     3 |       ||    59
       Phial of floods   |       |       |       |       |       |     1 |       ||     1
  Use: Potion            |     1 |     1 |     4 |     5 |     7 |    11 |       ||    29
       Scroll            |       |     7 |     4 |     5 |    32 |    23 |     2 ||    73
 Stab: Sleeping          |     7 |    10 |    19 |    33 |    61 |    25 |     4 ||   159
       Distracted        |       |     1 |     2 |     2 |     6 |     4 |     2 ||    17
       Confused          |       |       |       |       |     5 |     3 |       ||     8
       Invisible         |       |       |       |       |       |     4 |       ||     4
  Eat: Chunk             |       |     6 |    14 |    23 |    45 |    22 |     7 ||   117
       Ration            |       |       |       |     3 |     6 |    14 |     3 ||    26
Armor: Skin              |     7 |     3 |     7 |    44 |   283 |   506 |    53 ||   903
Dodge: Dodged            |    39 |    63 |   132 |   463 |   921 |  1133 |    92 ||  2843
Block: Buckler           |       |       |       |   141 |   409 |   489 |       ||  1039
       Shield            |       |       |       |       |       |   230 |   193 ||   423
       Reflection        |       |       |       |       |       |    13 |    24 ||    37
       Rpst.: Long sword |       |       |       |     6 |     9 |       |       ||    15
       Scimitar          |       |       |       |       |    27 |    21 |       ||    48
       Demon blade       |       |       |       |       |    51 |   203 |    11 ||   265

Table legend:
 A = Spawn XP
 B = Non-spawn XP
 C = Spawn XP percentage of total XP
 D = Spawn monster count
 E = Non-spawn monster count
 F = Spawn count percentage of total count
 G = Total turns spent on level
                    A         B        C        D         E        F      G
               +---------+---------+-------+---------+---------+-------+---------
         Total |       0 |  376129 |   0.0 |       0 |    1299 |   0.0 | 45785
               +---------+---------+-------+---------+---------+-------+---------
           D:1 |       0 |      67 |   0.0 |       0 |      29 |   0.0 |   969
           D:2 |       0 |     131 |   0.0 |       0 |      38 |   0.0 |   931
           D:3 |       0 |     210 |   0.0 |       0 |      12 |   0.0 |   698
           D:4 |       0 |     589 |   0.0 |       0 |      26 |   0.0 |   930
           D:5 |       0 |     633 |   0.0 |       0 |      17 |   0.0 |  1141
           D:6 |       0 |    2112 |   0.0 |       0 |      43 |   0.0 |  1806
           D:7 |       0 |    1048 |   0.0 |       0 |      20 |   0.0 |  1158
           D:8 |       0 |    4150 |   0.0 |       0 |      50 |   0.0 |  1756
           D:9 |       0 |    2296 |   0.0 |       0 |      32 |   0.0 |  1030
          D:10 |       0 |    3336 |   0.0 |       0 |      47 |   0.0 |  1529
          D:11 |       0 |    2733 |   0.0 |       0 |      33 |   0.0 |  1571
          D:12 |       0 |    4581 |   0.0 |       0 |      34 |   0.0 |  1481
          D:13 |       0 |    7017 |   0.0 |       0 |      27 |   0.0 |  1927
          D:14 |       0 |   12668 |   0.0 |       0 |      37 |   0.0 |   891
          D:15 |       0 |   15463 |   0.0 |       0 |      44 |   0.0 |  1102
        Lair:1 |       0 |    6172 |   0.0 |       0 |      18 |   0.0 |  1644
        Lair:2 |       0 |    3665 |   0.0 |       0 |      19 |   0.0 |   915
        Lair:3 |       0 |    6482 |   0.0 |       0 |      35 |   0.0 |  1171
        Lair:4 |       0 |    5172 |   0.0 |       0 |      16 |   0.0 |  1089
        Lair:5 |       0 |    4086 |   0.0 |       0 |      24 |   0.0 |  1131
        Lair:6 |       0 |   17344 |   0.0 |       0 |      58 |   0.0 |  2232
       Swamp:1 |       0 |   17655 |   0.0 |       0 |      29 |   0.0 |  1626
       Swamp:2 |       0 |    5977 |   0.0 |       0 |      21 |   0.0 |   452
       Swamp:3 |       0 |    8393 |   0.0 |       0 |      23 |   0.0 |  1783
       Swamp:4 |       0 |   38549 |   0.0 |       0 |      78 |   0.0 |  1892
      Spider:1 |       0 |   14895 |   0.0 |       0 |      46 |   0.0 |   727
      Spider:2 |       0 |    5806 |   0.0 |       0 |      16 |   0.0 |   453
      Spider:3 |       0 |   17512 |   0.0 |       0 |      38 |   0.0 |   638
      Spider:4 |       0 |   47748 |   0.0 |       0 |     109 |   0.0 |  1530
         Orc:1 |       0 |    2855 |   0.0 |       0 |      15 |   0.0 |  1926
         Orc:2 |       0 |   20348 |   0.0 |       0 |      93 |   0.0 |  3129
         Elf:1 |       0 |   28192 |   0.0 |       0 |      54 |   0.0 |   853
      Vaults:1 |       0 |   66165 |   0.0 |       0 |     103 |   0.0 |  2241
           Lab |       0 |    1184 |   0.0 |       0 |       1 |   0.0 |   433
         IceCv |       0 |     895 |   0.0 |       0 |      14 |   0.0 |   814
               +---------+---------+-------+---------+---------+-------+---------
